 Dungeon Crawl Stone Soup version 0.28.0-43-g3370ac3207 (webtiles) character file.

Game seed: 13276521622210704135

27 fknight the Chopper (level 3, 0/33 HPs)
             Began as a Hill Orc Monk on Mar 2, 2022.
             Slain by Terence
             ... wielding a +0 short sword
              (3 damage)
             ... on level 2 of the Dungeon.
             The game lasted 00:03:03 (1529 turns).

fknight the Chopper (Hill Orc Monk)                 Turns: 1529, Time: 00:03:04

Health: 0/33       AC:  2    Str: 15    XL:     3   Next: 10%
Magic:  3/3        EV: 12    Int: 10    God:
Gold:   30         SH:  0    Dex: 13    Spells: 2/2 levels left

rFire   + . .      SeeInvis .   a - +0 hand axe
rCold   . . .      Faith    .   (no shield)
rNeg    . . .      Spirit   .   b - +0 robe
rPois   .          Reflect  .   (no helmet)
rElec   .          Harm     .   (no cloak)
rCorr   .          Rampage  .   (no gloves)
Will    .....                   (no boots)
Stlth   ++........              (no amulet)
HPRegen 0.11/turn               c - ring of protection from fire
MPRegen 0.08/turn               (no ring)

@: no status effects
A: no striking features
a: no special abilities


You were on level 2 of the Dungeon.
You visited 1 branch of the dungeon, and saw 2 of its levels.

You collected 30 gold pieces.

Inventory:

Hand Weapons
 a - a +0 hand axe (weapon)
 e - a +0 spear
Missiles
 d - 48 stones (quivered)
Armour
 b - a +0 robe (worn)
Jewellery
 c - a ring of protection from fire (left hand)
Potions
 f - a potion of degeneration {unknown}
 g - a potion of curing {unknown}
 h - a potion of cancellation {unknown}
 i - a potion of berserk rage {unknown}


   Skills:
 + Level 4.0 Fighting
 + Level 4.4 Axes
 + Level 2.7 Dodging
 + Level 2.0 Stealth


You had 2 spell levels left.
You didn't know any spells.
Your spell library contained the following spells:

 Spells                   Type           Power      Damage    Failure   Level
 Confusing Touch          Hex            0%         N/A       75%         3
 Dazzling Flash           Conj/Hex       0%         N/A       75%         3
 Ignite Poison            Fire/Tmut/Pois 0%         N/A       75%         3
 Leda's Liquefaction      Hex/Erth       0%         N/A       98%         4
 Sticky Flame             Conj/Fire      0%         2d3       98%         4


Dungeon Overview and Level Annotations

Branches:
Dungeon (2/15)

Altars:

Annotations:
D:2 Terence


Message History

The kobold barely misses you.
You closely miss the kobold. The kobold closely misses you.
You barely miss the kobold. The kobold barely misses you.
You hit the kobold.
The kobold is moderately wounded.
The kobold hits you with a +0 short sword. x2
You closely miss the kobold.
The kobold is moderately wounded.
The kobold barely misses you.
You barely miss the kobold.
The kobold is moderately wounded.
Terence shouts!
The kobold hits you with a +0 short sword.
You completely miss the kobold.
The kobold is moderately wounded.
The kobold hits you with a +0 short sword.
You closely miss the kobold.
The kobold is moderately wounded.
The kobold completely misses you.
You miss the kobold.
The kobold is moderately wounded.
The kobold barely misses you.
You barely miss the kobold.
The kobold is moderately wounded.
The kobold hits you with a +0 short sword.
You hit the kobold.
The kobold is heavily wounded.
The kobold hits you with a +0 short sword.
You completely miss Terence. You hit the kobold but do no damage.
The kobold closely misses you. Terence hits you with a +0 short sword.
You hit Terence but do no damage. You hit the kobold but do no damage.
The kobold hits you with a +0 short sword.
Terence hits you with a +0 short sword.
You hit Terence but do no damage. You hit the kobold.
The kobold closely misses you. Terence hits you with a +0 short sword!
* * * LOW HITPOINT WARNING * * *
You barely miss Terence. You hit the kobold.
You kill the kobold!
Terence hits you with a +0 short sword.
You die...

#.รท...##.. #
#......... .
######)........
..#####..............
......#.........#....
................#....
.....................
......)@........#....
..#@............ .
#...(.....#...
#..?......#..
#.........#
###########


You could see Terence.

Vanquished Creatures
  2 endoplasms (D:1)
  2 giant cockroaches (D:1)
  A goblin (D:1)
  2 hobgoblins
  3 quokkas
  5 ball pythons
  5 bats (D:1)
  3 frilled lizards (D:1)
  2 kobolds (D:2)
  A rat (D:2)
26 creatures vanquished.

Notes
Turn   | Place    | Note
-------+----------+-------------------------------------------
     0 | D:1      | fknight the Hill Orc Monk began the quest for the Orb.
     0 | D:1      | Reached XP level 1. HP: 19/19 MP: 1/1
    16 | D:1      | Got Xamaim's Compendium of Burning Bewitchment
   249 | D:1      | Reached XP level 2. HP: 27/27 MP: 2/2
  1082 | D:2      | Reached XP level 3. HP: 33/33 MP: 3/3
  1510 | D:2      | Noticed Terence
  1529 | D:2      | Slain by Terence

Illustrated notes

Levels and vault maps discovered:
D:1:      zelgadis_glass_arrival_small, layout_basic
D:2:      layout_rooms, uniq_robin, uniq_terence

Skill      XL: |  1  2 |
---------------+-------+-----
Fighting       | 4 |  4.0
Stealth        | 2 |  2.0
Axes           | |  4.4
Dodging        | |  2.7

Action                   || total
-------------------------++-------
Melee: Hand axe          ||    72
Throw: Stone             ||    58
  Use: Scroll            ||     1
Armor: Robe              ||    19
Dodge: Dodged            ||    39
